AoeStats
← cory2045

Arena

510457233Analyzed
3v3 RM · 1d ago on Oct 1, 2026· 41m 15s· 6 players
Game mode
Random Map
Map size
Normal (6 player)
Population
200
Speed
Normal
Resources
Standard
Victory
Conquest
Starting age
Dark Age
Ending age
Imperial Age
RankedLock teamsTeams togetherTeam positionsShared explorationLock speedFull tech treeHidden civsTurbo modeCheats
Victory
Defeat
🇲🇽 Cumans · Mexico
1354
+16
🇳🇿 Khmer · New Zealand
1333
+17
🇺🇸 Spanish · United States
1308
+17
🇨🇴 Dravidians · Colombia
1373
-18
🇺🇸 Persians · United States
1359
-17
🇺🇸 Bulgarians · United States
1305
-15
SoulStrider6763
10:42 Feudal Age
11:34 Horse Collar
11:57 Double-Bit Axe
16:02 Castle Age
15:25 Bloodlines
16:24 Forging
17:34 Scale Barding Armor
21:39 Loom
24:08 Light Cavalry
25:28 Husbandry
25:51 Bow Saw
27:12 Iron Casting
26:57 Chain Barding Armor
27:03 Town Watch
31:17 Imperial Age
31:28 Wheelbarrow
35:08 Chemistry
34:15 Heavy Plow
35:23 Heavy Scorpion
37:40 Hand Cart
36:49 Hussar
38:32 Ballistics
39:14 Double Crossbow
39:36 Conscription
40:45 Hoardings
41:29 Siege Engineers
cory2045
10:14 Feudal Age
14:05 Castle Age
12:52 Double-Bit Axe
17:46 Wheelbarrow
18:12 Loom
18:56 Stone Mining
19:19 Herbal Medicine
20:14 Redemption
22:13 Horse Collar
23:43 Hand Cart
30:50 Imperial Age
28:47 Padded Archer Armor
29:57 Leather Archer Armor
29:51 Heavy Plow
30:03 Bow Saw
29:49 Gold Mining
32:31 Chemistry
31:58 Conscription
32:52 Two-Man Saw
31:46 Elite Conquistador
32:42 Masonry
33:53 Ring Archer Armor
34:05 Town Watch
36:37 Scale Barding Armor
36:42 Forging
40:00 Town Patrol
41:24 Ballistics
sHinsHim
8:28 Feudal Age
8:05 Loom
13:04 Town Watch
29:34 Castle Age
28:12 Double-Bit Axe
29:10 Fletching
29:25 Horse Collar
30:28 Scale Barding Armor
32:16 Chain Barding Armor
33:16 Bodkin Arrow
33:58 Bloodlines
34:32 Padded Archer Armor
35:23 Ballistics
38:13 Wheelbarrow
42:13 Imperial Age
40:31 Heavy Plow
40:30 Gold Mining
HUNGRY-4-FOOD
9:31 Feudal Age
13:20 Castle Age
12:15 Double-Bit Axe
14:35 Loom
22:05 Bow Saw
22:32 Wheelbarrow
24:57 Kamandaran
25:35 Fletching
26:11 Horse Collar
26:58 Town Watch
27:05 Gold Mining
34:12 Imperial Age
32:50 Bloodlines
32:41 Husbandry
32:54 Scale Barding Armor
33:00 Forging
32:46 Bodkin Arrow
33:22 Hand Cart
34:26 Gold Shaft Mining
33:42 Stone Mining
34:28 Heavy Plow
34:55 Chain Barding Armor
34:01 Cavalier
35:30 Devotion
35:24 Light Cavalry
36:45 Iron Casting
35:40 Elite Skirmisher
37:28 Chemistry
37:34 Plate Barding Armor
38:42 Scale Mail Armor
38:45 Padded Archer Armor
39:12 Thumb Ring
40:05 Town Patrol
40:48 Leather Archer Armor
41:02 Thumb Ring
40:21 Savar
DebonairPuma
11:34 Feudal Age
15:13 Castle Age
13:09 Double-Bit Axe
13:20 Horse Collar
14:43 Gold Mining
16:11 Bow Saw
18:57 Loom
31:48 Wheelbarrow
34:50 Heavy Plow
34:33 Pikeman
35:14 Squires
Juansedav95
10:10 Feudal Age
14:42 Castle Age
13:20 Double-Bit Axe
13:17 Horse Collar
19:20 Loom
23:34 Husbandry
25:21 Scale Barding Armor
27:42 Squires
27:04 Pikeman
29:26 Wheelbarrow
28:37 Town Watch
29:33 Fletching
33:25 Imperial Age
31:17 Heavy Plow
31:32 Bodkin Arrow
33:00 Padded Archer Armor
33:30 Hand Cart
34:55 Ballistics
35:17 Conscription
35:17 Bracer
36:00 Thumb Ring
39:08 Chemistry
39:26 Leather Archer Armor
39:32 Chain Barding Armor
39:23 Forging
38:46 Light Cavalry
39:01 Elite Elephant Archer
40:19 Ring Archer Armor
41:05 Medical Corps
Connection lost

Rejoining the realm…

Still unreachable

The connection could not be restored.

Session expired

The server has moved on; the page needs a fresh start.